 Dungeon Crawl Stone Soup version 0.29-a0-892-g2c4c91d9db (webtiles) character file.

Game seed: 7404621032106417840

3717 Eik the Fighter (level 10, -9/115 HPs)
             Began as an Ogre Berserker on July 23, 2022.
             Was a Priest of Trog.
             Shot with an arrow by a centaur warrior (14 damage)
             ... on level 8 of the Dungeon.
             The game lasted 02:16:10 (6710 turns).

Eik the Fighter (Ogre Berserker)                    Turns: 6710, Time: 02:16:10

Health: -9/115     AC:  9    Str: 25    XL:     10   Next: 14%
Magic:  0/10       EV:  8    Int: 13    God:    Trog [***...]
Gold:   420        SH: 22    Dex: 10    Spells: 9/9 levels left

rFire   . . .      SeeInvis .   I - +0 trident
rCold   . . .      Faith    .   q - +10 tower shield of Panentheism {Int+5}
rNeg    . . .      Spirit   +   p - +0 steam dragon scales
rPois   .          Reflect  .   (helmet restricted)
rElec   .          Harm     .   B - +2 cloak {Stlth+}
rCorr   .          Rampage  .   (gloves unavailable)
Will    +....                   (boots unavailable)
Stlth   ++........              n - amulet of guardian spirit
HPRegen 0.29/turn               (no ring)
MPRegen 0.12/turn               (no ring)

@: on berserk cooldown, slowed, very slow
A: large, unfitting armour, tough skin 1
a: Renounce Religion, Berserk, Trog's Hand


You were on level 8 of the Dungeon.
You worshipped Trog.
Trog was most pleased with you.
You visited 1 branch of the dungeon, and saw 8 of its levels.
You also visited: Sewer.

You collected 420 gold pieces.

Inventory:

Hand Weapons
 a - a +0 spear
 d - a +2 whip of draining
 e - a +0 mace
 f - a +0 club
 j - a +0 hand axe
 o - a +3 short sword
 s - a +0 rapier
 D - a +0 hand axe
 I - a +0 trident (weapon)
Missiles
 C - 2 javelins
 N - 2 silver javelins (quivered)
Armour
 b - a +0 animal skin
 c - a +2 robe of willpower
 g - a +0 chain mail
 h - a +0 scale mail
 p - +0 steam dragon scales (worn)
 q - the +10 tower shield of Panentheism (worn) {Int+5}
   (You acquired it on level 7 of the Dungeon)

   Int:       It affects your intelligence (+5).
 u - a +0 pair of gloves
 A - a +0 ring mail
 B - a +2 cloak of stealth (worn)
Jewellery
 n - an amulet of guardian spirit (around neck)
 H - a +6 ring of dexterity
Wands
 i - a wand of flame (28)
 y - a wand of mindburst (15)
 E - a wand of roots (5)
Scrolls
 k - 5 scrolls of identify
 l - 3 scrolls of immolation
 m - a scroll of amnesia
 r - a scroll of noise
 x - a scroll of fear {unknown}
 F - a scroll of enchant weapon {unknown}
 M - a scroll of vulnerability {unknown}
Potions
 t - 5 potions of flight
 v - 3 potions of brilliance
 w - 3 potions of degeneration
 z - 3 potions of attraction
 J - a potion of resistance
 K - 2 potions of haste
 L - a potion of mutation {unknown}


   Skills:
 * Level 11.9 Fighting
 * Level 9.3 Polearms
 - Level 1.4 Throwing
 - Level 5.6 Dodging
 * Level 4.0 Shields


You had 9 spell levels left.
You didn't know any spells.
Your spell library was empty.

Dungeon Overview and Level Annotations

Branches:
Dungeon (8/15)             Temple (0/1) D:7           Sewer (visited)
   Lair: D:8-11

Altars:
Cheibriados
Dithmenos
Gozag
Nemelex Xobeh
Okawaru
Zin

Shops:
D:5 (


Innate Abilities, Weirdness & Mutations

You are too large for most types of armour.
You have tough skin. (AC +1)


Message History

The centaur warrior hits you. The centaur warrior barely misses you.
Okay, then.
You completely miss the centaur warrior.
The centaur warrior is heavily wounded.
You feel the effects of Trog's Hand fading.
You block the centaur warrior's attack. The centaur warrior barely misses you.
The centaur warrior hits you!
You block the centaur warrior's attack. x2
The centaur warrior barely misses you.
You hit the centaur warrior but do no damage.
The centaur warrior is heavily wounded.
The centaur warrior hits you. You block the centaur warrior's attack.
The centaur warrior hits you!
The centaur warrior kicks you but does no damage.
The centaur warrior hits you! The centaur warrior kicks you.
Okay, then.
Okay, then.
The centaur warrior attacks as you move away!
The centaur warrior hits you! The centaur warrior kicks you.
The centaur warrior wields a +0 longbow.
The centaur warrior shoots an arrow.
You block the arrow.
The centaur warrior shoots an arrow.
The arrow hits you!
* * * LOW HITPOINT WARNING * * *
You hear a shout!
Something shouts, "Take thy face hence, thou plume-plucked fat-kidneyed prigger-of-prances!"
Blink to where?
Press: ? - help, Dir - move target, p - centaur warrior
As you read the scroll of blinking, it crumbles to dust.
Your skin stops crawling.
You feel less strong-willed.
You hear an angry hiss.
The centaur warrior shoots an arrow.
You block the arrow.
You open the door.
An orc warrior comes into view. It is wielding a +0 long sword.
The orc warrior shouts!
The centaur warrior shoots an arrow.
You block the arrow.
The orc warrior unwields a +0 long sword.
The orc warrior wields a +0 arbalest.
The orc warrior shoots a bolt.
The bolt hits you!!
* * * LOW HITPOINT WARNING * * *
The centaur warrior shoots an arrow.
The arrow hits you!
You die...

##=##. #.. O!..B#
#.. h8$. #.. .$c
#.. #)# #..
######.###### #..
♣♣c.§cyy....(♣ #..
#♣.###########.♣#.#
#.@'.o..# #.#
#♣.###########. #.#
♣♣...........♣ #.#
######...#######.#
..................#
...................
..#################


You could see a centaur warrior and an orc warrior.

Vanquished Creatures
  A komodo dragon (D:8)
  Sigmund (D:5)
  A wyvern (D:8)
  3 yaks (D:7)
  3 steam dragons
  2 water moccasins
  An orc warrior (D:6)
  2 black bears (D:5)
  3 ogres
  A centaur (D:8)
  2 phantoms
  3 kobold brigands
  2 bullfrogs
  A necrophage (D:6)
  5 wights (D:7)
  4 howler monkeys (D:7)
  A jelly (D:6)
  2 orc priests (D:5)
  2 hounds
  An iguana (D:5)
  4 orc wizards
  4 gnolls
  9 adders
  6 river rats
  A shadow imp (D:7)
  2 ufetubi
  4 worms
  A dart slug (D:2)
  14 orcs
  9 endoplasms
  10 giant cockroaches
  7 goblins
  8 hobgoblins
  4 jackals
  24 kobolds
  6 quokkas
  12 ball pythons
  6 bats
  5 frilled lizards
  6 rats
183 creatures vanquished.

Vanquished Creatures (others)
  14 plants
14 creatures vanquished.

Grand Total: 197 creatures vanquished

Notes
Turn   | Place    | Note
-------+----------+-------------------------------------------
     0 | D:1      | Eik the Ogre Berserker began the quest for the Orb.
     0 | D:1      | Reached XP level 1. HP: 24/24 MP: 1/1
   338 | D:1      | Reached XP level 2. HP: 30/32 MP: 2/2
   765 | D:1      | Reached XP level 3. HP: 39/40 MP: 3/3
   774 | D:1      | Reached ** piety under Trog
  1454 | D:2      | Reached skill level 5 in Fighting
  1454 | D:2      | Reached XP level 4. HP: 50/50 MP: 4/4
  2112 | D:4      | Noticed a phantom
  2122 | D:4      | Found a glowing drain.
  2130 | D:4      | Killed a phantom
  2131 | D:4      | Reached XP level 5. HP: 59/59 MP: 5/5
  2182 | Sewer    | Entered a sewer
  2197 | Sewer    | Reached skill level 6 in Fighting
  2308 | Sewer    | Reached *** piety under Trog
  2397 | Sewer    | Reached XP level 6. HP: 64/67 MP: 6/6
  2827 | D:4      | Found a glowing silver altar of Zin.
  2874 | D:4      | Found the +6 shillelagh "Devastator" {shatter}
  2879 | D:4      | Reached skill level 5 in Polearms
  3254 | D:4      | HP: 2/68 [gnoll sergeant/+0 trident (8)]
  3550 | D:5      | Entered Level 5 of the Dungeon
  3571 | D:5      | Found an opulent altar of Gozag.
  3586 | D:5      | Found Upnoyph's Weapon Boutique.
  3589 | D:5      | Noticed a black bear
  3591 | D:5      | Noticed a water moccasin
  3598 | D:5      | Killed a black bear
  3599 | D:5      | Reached skill level 7 in Fighting
  3599 | D:5      | Reached XP level 7. HP: 78/78 MP: 4/7
  3648 | D:5      | Noticed Sigmund
  3712 | D:5      | Reached skill level 8 in Fighting
  3725 | D:5      | Killed Sigmund
  3726 | D:5      | Reached XP level 8. HP: 12/89 MP: 0/8
  3852 | D:5      | Found a sparkling altar of Nemelex Xobeh.
  3852 | D:5      | Found an iron altar of Okawaru.
  4062 | D:5      | Reached skill level 9 in Fighting
  4314 | D:5      | Reached skill level 5 in Dodging
  5229 | D:6      | Found a shadowy altar of Dithmenos.
  5339 | D:6      | Reached XP level 9. HP: 101/101 MP: 9/9
  5369 | D:6      | Found a snail-covered altar of Cheibriados.
  5380 | D:6      | Reached skill level 10 in Fighting
  5603 | D:7      | Reached skill level 1 in Throwing
  5702 | D:7      | Identified a scroll of acquirement
  5702 | D:7      | Acquired the +10 tower shield of Panentheism {Int+5}
  5813 | D:7      | Reached skill level 1 in Shields
  5825 | D:7      | Found a staircase to the Ecumenical Temple.
  5858 | D:7      | Reached skill level 11 in Fighting
  6513 | D:8      | Reached XP level 10. HP: 111/114 MP: 10/10
  6679 | D:8      | Noticed a boulder beetle
  6679 | D:8      | Noticed a centaur warrior
  6679 | D:8      | Noticed a centaur warrior
  6680 | D:8      | Noticed a two-headed ogre
  6710 | D:8      | HP: 5/115 [orc warrior/bolt (18)]
  6710 | D:8      | Shot with an arrow by a centaur warrior

Illustrated notes

Levels and vault maps discovered:
D:1:      minmay_arrival_five_plusses, layout_basic
D:2:      layout_basic, minmay_circle_x
D:3:      layout_basic
D:4:      layout_basic, lemuel_round_altar, cheibrodos_sewer_entry_sluice,
          nicolae_ossuary_entry_plus, eino_tiny_chamber, minmay_hedge_maze,
          hangedman_decor_riveting, minmay_misc_feat_enclosed, minivault_27,
          lightli_minifort
D:5:      layout_rooms, gammafunk_temple_overflow_pools,
          mainiacjoe_overflow_chevrons, serial_shops,
          nicolae_inconvenience_store, lexackson_kobold_supper, uniq_sigmund
D:6:      layout_basic, lemuel_round_altar, nicolae_dithmenos_shadow_blocks
D:7:      layout_loops_ring, minmay_temple_entry_overgrown
D:8:      nzn_winding_woodlands_small [nzn_winding_woodlands_5x15_longhouse,
          nzn_winding_woodlands_center_pierced_h,
          nzn_winding_woodlands_5x15_split_checker], layout_basic, uniq_joseph

Skill      XL: |  1  2  3  4  5  6  7  8  9 10 |
---------------+-------------------------------+-----
Dodging        | 3 4 5 |  5.6
Fighting       | 5 6 7 8 9 11 | 11.9
Polearms       | 4 5 6 7 9 |  9.3
Throwing       | 1 |  1.4
Shields        | 3 4 |  4.0

Action                   |  1- 3 |  4- 6 |  7- 9 | 10-12 || total
-------------------------+-------+-------+-------+-------++-------
Melee: Spear             |   127 |   193 |   200 |       ||   520
       Punch             |     2 |     3 |     6 |       ||    11
       Short sword       |       |     8 |     3 |       ||    11
       Trident           |       |       |   183 |    21 ||   204
Throw: Javelin           |       |    26 |    18 |     6 ||    50
       Throwing net      |       |     2 |     3 |       ||     5
Invok: Berserk           |     2 |     7 |     8 |     1 ||    18
       Trog's Hand       |     1 |     3 |    13 |     1 ||    18
  Use: Potion            |     1 |     7 |     5 |       ||    13
       Scroll            |     1 |     2 |     5 |     1 ||     9
 Stab: Sleeping          |     1 |     1 |     1 |       ||     3
       Held in net/web   |       |     2 |       |       ||     2
       Invisible         |       |     1 |     1 |       ||     2
Armor: Animal skin       |     8 |       |       |       ||     8
       Robe              |    24 |    62 |    89 |       ||   175
       Steam dragon scal |       |       |    10 |     7 ||    17
Dodge: Dodged            |    65 |   117 |   136 |     7 ||   325
Block: Tower shield      |       |       |    86 |    33 ||   119

Table legend: (Time is in decaauts)
 A = Elapsed time spent in this place.
 B = Non-inter-level travel time spent in this place.
 C = Inter-level travel time spent in this place.
 D = Time resting spent in this place.
 E = Time spent auto-exploring this place.
 F = Levels seen in this place.
 G = Mean time per level.
                   A        B        C        D        E       F      G
               +--------+--------+--------+--------+--------+-----+--------+
         Total |   6928 |   6928 |      0 |    200 |   1209 |   9 |  769.8 |
       Dungeon |   6209 |   6209 |      0 |    200 |   1160 |   8 |  776.1 |
         Sewer |    718 |    718 |      0 |      0 |     49 |   1 |  718.0 |
               +--------+--------+--------+--------+--------+-----+--------+

Top non-repeatable levels by time:
     D:5: 1130 daAuts
     D:1: 1023 daAuts
     D:7: 980 daAuts
     D:6: 880 daAuts
     D:4: 833 daAuts
   Sewer: 718 daAuts
     D:2: 652 daAuts
     D:3: 486 daAuts
     D:8: 222 daAuts
